 Dungeon Crawl Stone Soup version 0.31-a0-1178-gc5c9b8f (webtiles) character file.

Game seed: 7810439992452566251

1767985 Kearsarge the Wrestler (level 23, 232/232 HPs)
             Began as an Armataur Fighter on Dec 11, 2023.
             Was an Initiate of Gozag.
             Escaped with the Orb
             ... and 3 runes!
             The game lasted 01:25:01 (55085 turns).

Kearsarge the Wrestler (Armataur Fighter)          Turns: 55085, Time: 01:25:02

Health: 232/232    AC: 44    Str: 30    XL:     23   Next: 51%
Magic:  18/18      EV:  5    Int: 10    God:    Gozag
Gold:   2924       SH: 11    Dex: 13    Spells: 22/22 levels left

rFire   + .          .
                       - Unarmed
rCold   + . .        X - +3 buckler {reflect}
rNeg    + + +        E - +10 chain mail of Inevitability {^Drain rElec rF- rN+++}
rPois   +            t - -2 hat of the Alchemist {rElec rPois rF+ rC+ rN+ Will+ rMut rCorr}
rElec   +            w - +4 dragonskin cloak
rCorr   +            H - +4 pair of gloves of Nustao {Harm rC+}
SInv    +            R - +4 barding {Stlth+}
Will    ++...        e - amulet of Vitality {RegenMP++ Regen++} Stlth
                     O - ring of fire
HPRegen 2.18/turn    C - ring of see invisible
MPRegen 0.96/turn

%: harm (+30% outgoing, +20% incoming), reflection, resist mutation, roll
@: studying 3 skills
A: large, deformed body, tough skin 3, armoured tail, roll 2, long tongue,
antennae 1, agile 1, deterioration 1, low MP 2, robust 1, screaming 1, shaggy
fur 1
0: Orb of Zot
}: 3/15 runes: barnacled, silver, gossamer
a: Renounce Religion, Potion Petition, Call Merchant, Bribe Branch


You escaped.
You worshipped Gozag.
Gozag was most pleased with you.
You visited 10 branches of the dungeon, and saw 48 of its levels.
You visited 1 bazaar.
You visited 1 ziggurat, and saw 7 of its levels.
You also visited: Sewer, Gauntlet and Wizlab.

You collected 23707 gold pieces.
You spent 5197 gold pieces at shops.
You paid 15586 gold pieces to Gozag.

Inventory:

Missiles
 f - 29 poisoned darts
 Z - 3 throwing nets
Armour
 m - the +0 mask of the Dragon {Will+ Slay+3 SInv}
   (You found it on level 3 of the Elven Halls)

   Slay+3:    It affects your accuracy & damage with ranged weapons and melee
   (+3).
   Will+:     It increases your willpower.
   SInv:      It lets you see invisible.
 t - the -2 hat of the Alchemist (worn) {rElec rPois rF+ rC+ rN+ Will+ rMut rCorr}
   (You bought it in a shop on level 2 of the Orcish Mines)

   rF+:       It protects you from fire.
   rC+:       It protects you from cold.
   rElec:     It insulates you from electricity.
   rPois:     It protects you from poison rN+: It protects you from negative
   energy.
   Will+:     It increases your willpower.
   rCorr:     It protects you from acid and corrosion.
   rMut:      It protects you from mutation.
 w - the +4 dragonskin cloak (worn)
   (You took it off Tiamat on level 1 of the Realm of Zot)

   Avatar's Aegis: It grants the wearer a chance to resist fire, cold, poison,
   electricity, acid, and negative energy.
 E - the +10 chain mail of Inevitability (worn) {^Drain rElec rF- rN+++}
   (You bought it in a shop on level 5 of the Lair of Beasts)

   rF-:       It makes you vulnerable to fire.
   rElec:     It insulates you from electricity.
   rN+++:     It renders you almost immune to negative energy.
   ^Drain:    It drains your maximum health when unequipped.
 H - the +4 pair of gloves of Nustao (worn) {Harm rC+}
   (You found it in a Gauntlet)

   rC+:       It protects you from cold.
   Harm:      It increases damage dealt and taken.
 R - a +4 barding of stealth (worn)
 X - a +3 buckler of reflection (worn)
Jewellery
 e - the amulet of Vitality (around neck) {RegenMP++ Regen++}
   (You found it on level 7 of a ziggurat)

   [amulet of magic regeneration]

   RegenMP:   It increases your rate of magic regeneration.
   Regen++:   It increases your rate of health regeneration.
 C - a ring of see invisible (right hand)
 O - a ring of fire (left hand)
Wands
 d - a wand of flame (35)
 n - a wand of acid (22)
 p - a wand of digging (17)
 v - a wand of charming (11)
 y - a wand of roots (60)
 D - a wand of polymorph (28)
 M - a wand of mindburst (28)
Scrolls
 h - 5 scrolls of poison
 i - 4 scrolls of fear
 r - 2 scrolls of torment
 s - 4 scrolls of silence
 u - 13 scrolls of amnesia
 x - 3 scrolls of enchant armour
 B - 6 scrolls of enchant weapon
 F - 14 scrolls of teleportation
 L - a scroll of vulnerability
 Q - 2 scrolls of brand weapon
 T - 5 scrolls of fog
 V - 2 scrolls of butterflies
 W - 3 scrolls of immolation
Potions
 a - 2 potions of haste
 b - 3 potions of mutation
 c - 2 potions of cancellation
 g - 3 potions of resistance
 j - 3 potions of might
 k - 2 potions of enlightenment
 l - 2 potions of berserk rage
 o - 3 potions of invisibility
 q - 4 potions of magic
 z - 9 potions of brilliance
 A - 5 potions of ambrosia
 N - 5 potions of attraction
 S - 7 potions of lignification
 U - a potion of heal wounds
 Y - 8 potions of curing
Miscellaneous
 G - a phial of floods
 I - a lightning rod (4/4)
 K - a phantom mirror
 P - a tin of tremorstones (2/2)


   Skills:
 + Level 24.5 Fighting
 - Level 16.2 Armour
 - Level 17.9 Shields
 + Level 26.2 Unarmed Combat


You had 22 spell levels left.
You didn't know any spells.
Your spell library contained the following spells:

 Spells                   Type           Power      Damage    Failure   Level
 Apportation              Tloc           0%         N/A       71%         1
 Foxfire                  Conj/Fire      0%         2x1d4     71%         1
 Magic Dart               Conj           0%         1d3       71%         1
 Slow                     Hex            0%         N/A       71%         1
 Sting                    Tmut/Pois      0%         1d3       71%         1
 Summon Small Mammal      Summ           0%         N/A       71%         1
 Blink                    Tloc           0%         N/A       85%         2
 Jinxbite                 Hex            0%         N/A       85%         2
 Lesser Beckoning         Tloc           0%         N/A       85%         2
 Poisonous Vapours        Pois/Air       0%         N/A       85%         2
 Scorch                   Fire           0%         2d5       85%         2
 Searing Ray              Conj           0%         2d4       85%         2
 Sublimation of Blood     Necr           0%         N/A       85%         2
 Wereblood                Tmut           0%         N/A       85%         2
 Call Canine Familiar     Summ           0%         N/A       97%         3
 Confusing Touch          Hex            0%         N/A       97%         3
 Dazzling Flash           Conj/Hex       0%         N/A       97%         3
 Hailstorm                Conj/Ice       0%         3d5       97%         3
 Ignite Poison            Fire/Tmut/Pois 0%         N/A       97%         3
 Mephitic Cloud           Conj/Pois/Air  0%         N/A       97%         3
 Ozocubu's Armour         Ice            0%         N/A       97%         3
 Sigil of Binding         Hex            0%         N/A       97%         3
 Stone Arrow              Conj/Erth      0%         3d7       97%         3
 Summon Guardian Golem    Hex/Summ       0%         N/A       97%         3
 Swiftness                Air            0%         N/A       97%         3
 Tukima's Dance           Hex            0%         N/A       97%         3
 Vampiric Draining        Necr           0%         2d6       97%         3
 Animate Armour           Summ/Erth      0%         N/A       100%        4
 Cause Fear               Hex            0%         N/A       100%        4
 Dimensional Bullseye     Hex/Tloc       0%         N/A       100%        4
 Flame Wave               Conj/Fire      0%         2d4       100%        4
 Fulminant Prism          Conj/Hex       0%         3d5       100%        4
 Iskenderun's Mystic Bla  Conj/Tloc      0%         2d3       100%        4
 Leda's Liquefaction      Hex/Erth       0%         N/A       100%        4
 Manifold Assault         Tloc           0%         N/A       100%        4
 Olgreb's Toxic Radiance  Pois           0%         N/A       100%        4
 Passage of Golubria      Tloc           0%         N/A       100%        4
 Petrify                  Tmut/Erth      0%         N/A       100%        4
 Sticky Flame             Conj/Fire      0%         2d3       100%        4
 Summon Ice Beast         Ice/Summ       0%         N/A       100%        4
 Summon Lightning Spire   Summ/Air       0%         N/A       100%        4
 Vhi's Electric Charge    Tloc/Air       0%         N/A       100%        4
 Agony                    Necr           0%         N/A       100%        5
 Alistair's Intoxication  Tmut/Pois      0%         N/A       100%        5
 Arcjolt                  Conj/Air       0%         1d10      100%        5
 Borgnjor's Vile Clutch   Necr/Erth      0%         N/A       100%        5
 Fireball                 Conj/Fire      0%         3d3       100%        5
 Irradiate                Conj/Tmut      0%         3d11      100%        5
 Iskenderun's Battlesphe  Conj           0%         2d6       100%        5
 Lee's Rapid Deconstruct  Erth           0%         3d4*      100%        5
 Silence                  Hex/Air        0%         N/A       100%        5
 Summon Forest            Summ/Tloc      0%         N/A       100%        5
 Yara's Violent Unravell  Hex/Tmut       0%         3d3       100%        5
 Bombard                  Conj/Erth      0%         9d1       100%        6
 Conjure Ball Lightning   Conj/Air       0%         3x3d6     100%        6
 Eringya's Noxious Bog    Tmut/Pois      0%         4d6       100%        6
 Plasma Beam              Fire/Air       0%         2x1d10    100%        6
 Starburst                Conj/Fire      0%         6d3       100%        6
 Summon Cactus Giant      Summ           0%         N/A       100%        6
 Haunt                    Necr/Summ      0%         N/A       100%        7
 Malign Gateway           Summ/Tloc      0%         N/A       100%        7
 Ozocubu's Refrigeration  Ice            0%         4d7       100%        7
 Spellforged Servitor     Conj/Summ      0%         N/A       100%        7
 Summon Hydra             Summ           0%         N/A       100%        7
 Borgnjor's Revivificati  Necr           0%         N/A       100%        8
 Discord                  Hex            0%         N/A       100%        8
 Disjunction              Tloc           0%         N/A       100%        8
 Ignition                 Fire           0%         3d3       100%        8
 Infestation              Necr           0%         N/A       100%        8
 Lehudib's Crystal Spear  Conj/Erth      0%         10d2      100%        8
 Maxwell's Capacitive Co  Air            0%         ∞         100%        8
 Summon Horrible Things   Summ           0%         N/A       100%        8
 Death's Door             Necr           0%         N/A       100%        9
 Dragon's Call            Summ           0%         N/A       100%        9
 Simulacrum               Ice/Necr       Unusable   N/A       N/A         6

Dungeon Overview and Level Annotations

Branches:
Dungeon (15/15)            Temple (1/1) D:4            Lair (5/5) D:10
 Shoals (4/4) Lair:3       Spider (4/4) Lair:2        Slime (0/5) Lair:5
    Orc (2/2) D:11            Elf (3/3) Orc:2        Vaults (5/5) D:14
  Crypt (0/3) Vaults:3     Depths (4/4) D:15            Zot (5/5) Depths:4
  Sewer (visited)          WizLab (visited)         Gauntlet (visited)

Altars:
Ashenzari
Cheibriados
Dithmenos
Elyvilon
Fedhas
Gozag
Hepliaklqana
Kikubaaqudgha
Makhleb
Nemelex Xobeh
Okawaru
Qazlal
Ru
Sif Muna
Trog
Uskayaw
Vehumet
Wu Jian
Xom
Yredelemnul
Zin
The Shining One

Shops:
D:9 *   D:11 ?   D:13 [   Orc:1 *:   Orc:2 [:[[?   Elf:1 :   Elf:3 [   Lair:5 [
Spider:1 **   Spider:3 [   Vaults:1 :[[   Vaults:2 ==*:   Vaults:3 [
Depths:1 *   Depths:3 :=:

Portals:
Hell: Depths:1 Depths:2
Pandemonium: Depths:2
Trove: D:13 (give +2 fire dragon scales)

Annotations:
D:7 1 transporter
Elf:1 exclusion: orange crystal statue
Elf:2 3 runed translucent doors, exclusion: 2 orange crystal statues
Vaults:3 2 transporters, gwaga3's ghost, veteran FoHu


Innate Abilities, Weirdness & Mutations

Armour fits poorly on your strangely shaped body.
You have extremely tough skin. (AC +3)
You have a long armoured tail.
You roll and regenerate health when moving toward enemies. (Rampage Heal)
Your long tongue fully drains potion bottles. (2x potion effects)
You have a pair of small antennae on your head.
You are agile. (Dex +4, Str/Int -1)
Your body sometimes deteriorates upon taking damage.
Your magical capacity is very low. (-20% MP)
You are robust. (+10% HP)
You occasionally shout uncontrollably at your foes.
You are covered in fur. (AC +1)


Message History

The rust devil is almost dead.
You pound the rust devil into fine dust!!!
You kill the rust devil!
No target in view!
No target in view!
What level of the Dungeon? (default 1, ? - help)
There is a white marble altar of Elyvilon here.
There is a stone staircase leading up here.
You climb upwards.
There is a stone staircase leading down here.
You sense a monster nearby.
There is a stone staircase leading up here.
You climb upwards.
There is a stone staircase leading down here.
What level of the Dungeon? (default 1, ? - help)
There is a stone staircase leading up here.
You climb upwards.
There is a stone staircase leading down here.
You yell at Yczoj!
A Yczoj, a neqoxec and 2 ice devils come into view.
Blink to where?
Press: ? - help, Q - select action, (/) - cycle Dir - move target
As you read the scroll of blinking, it crumbles to dust.
The neqoxec moves out of view.
The ice devil moves out of view.
An ice devil is nearby!
There is a stone staircase leading up here.
You climb upwards.
There is a stone staircase leading down here.
Blink to where?
Press: ? - help, Q - select action, (/) - cycle Dir - move target
As you read the scroll of blinking, it crumbles to dust.
Blink to where?
Press: ? - help, Q - select action, (/) - cycle Dir - move target
As you read the scroll of blinking, it crumbles to dust.
You open the door.
There is an open door here.
Blink to where?
Press: ? - help, Q - select action, (/) - cycle Dir - move target
As you read the scroll of blinking, it crumbles to dust.
You have escaped!

.#.####...#..##.#.##..#...#
)#.#...#.###.#8.#.8#.###..#
.#.#.##..###.##.#.##.###).#
.....###..#..#8.#.8#..#...#
##.....#.....##.#.##......#
#......#######8...8######.#
#.#######8#8#8#...#8#8#8#.#
#.#######...............#.#
........'.###...@...###.+.#
#.####..#...............###
#.# #.##8#8#8#...#8#8#8#
#.# #.#######8...8#######
#.# #.#.....##.#.##.....#
#.####....#..#8.#.8#..#..#
........(###.##.#.##.###.#
#.#####..###.#8.#.8#.###.#
...####...#..##.#.##..#..#


There were no monsters in sight!

Vanquished Creatures
  A pandemonium lord (Depths:2)
  Tiamat (Zot:1)
  2 ancient liches
  A dread lich (Zot:5)
  An orb of fire (Zot:1)
  A juggernaut (Zot:5)
  Sojobo (Vaults:4)
  3 Killer Klowns
  A curse toe (Zot:2)
  Nikola (Depths:1)
  5 golden dragons
  An electric golem (Zot:5)
  Arachne (Spider:4)
  A Cloud Mage (WizLab)
  An Ice Fiend (Depths:2)
  3 liches
  6 tentacled monstrosities
  13 Orb Guardians (Zot:5)
  A walking earthen tome (Depths:2)
  3 quicksilver dragons
  A walking frostbound tome (Depths:2)
  2 titans
  3 sphinxes
  3 deep elf master archers
  A death cob (Zot:4)
  A kraken (Shoals:2)
  An Executioner (D:12)
  Donald (Shoals:2)
  3 draconian knights
  3 shadow dragons
  7 tengu reavers
  2 fenstrider witches (Zig:5)
  6 frost giants
  4 draconian monks
  A nagaraja (Zig:7)
  9 storm dragons
  A fire giant (Vaults:5)
  A frost giant (shapeshifter) (Zig:6)
  4 draconian scorchers
  6 ghost moths
  4 deep elf sorcerers
  11 vault wardens
  3 draconian shifters
  6 deep elf elementalists (Elf:3)
  3 emperor scorpions
  A draconian stormcaller (Zot:1)
  5 very ugly things
  2 reapers
  3 orc warlords
  A quicksilver ooze (Gauntlet)
  8 ironbound thunderhulks
  3 broodmothers
  2 formless jellyfish
  14 ironbound preservers
  9 stone giants
  2 draconian annihilators
  7 green draconians
  A war gargoyle (Vaults:5)
  4 red draconians
  7 dire elephants
  5 deep elf annihilators
  12 white draconians
  8 deep elf demonologists
  A bunyip (Zig:5)
  5 spark wasps
  A minotaur (Gauntlet)
  4 black draconians
  The ghost of Qimap the Cleaver, a journeyman VSWn of Okawaru (Spider:2)
  A purple draconian (Zot:1)
  2 yellow draconians
  6 ettins
  7 deep elf death magi
  2 blizzard demons (WizLab)
  3 fire dragons
  7 entropy weavers
  4 deep elf high priests
  12 merfolk impalers
  3 merfolk javelineers
  8 great orbs of eyes
  The ghost of gwaga3 the Skirmisher, a journeyman FoHu of Gozag (Orc:1)
  16 yaktaur captains
  2 salamander tyrants (Zig:7)
  4 hydras
  3 rakshasas
  5 ice dragons
  2 ghost crabs (WizLab)
  A peacekeeper (Vaults:1)
  14 vault guards
  2 spriggan air magi
  6 jorogumos
  21 centaur warriors
  3 radroaches
  5 boulder beetles
  10 ironbound frosthearts
  An alligator snapping turtle (Shoals:2)
  5 merfolk aquamancers
  A merfolk avatar (Shoals:3)
  2 death knights (Vaults:3)
  A satyr (Shoals:2)
  2 two-headed ogres (D:12)
  10 dancing weapons
  3 deep troll shamans (Depths:1)
  A naga warrior (Zig:7)
  A deep troll earth mage (Vaults:5)
  2 occultists
  12 demonic crawlers
  An orc high priest (Elf:3)
  2 sun demons (Shoals:1)
  3 tengu warriors
  5 shock serpents
  A spriggan berserker (Depths:4)
  11 deep elf knights
  A skyshark (shapeshifter) (Zig:6)
  Amaemon (Lair:1)
  A sun moth (Spider:4)
  3 skeletal warriors (D:13)
  4 skysharks
  An iron troll (Depths:1)
  2 sixfirhies (Gauntlet)
  6 pharaoh ants
  A cherub (D:7)
  4 death drakes (WizLab)
  5 sea snakes
  45 deep trolls
  2 flayed ghosts
  A golden dragon zombie (Depths:1)
  A swamp dragon (shapeshifter) (D:14)
  A swamp dragon (Zig:5)
  9 orb spiders
  An orange crystal statue (Shoals:3)
  8 deep elf archers
  2 glowing orange brains (Depths:2)
  21 harpies
  2 tengu zombies
  Pikel (D:6)
  5 arcanists
  9 orc knights
  15 deep elf zephyrmancers
  3 phantasmal warriors
  16 ironbound convokers
  8 lindwurms
  A wolf spider zombie (D:15)
  7 steelbarb worms
  4 large abominations
  A lindwurm (shapeshifter) (Zig:6)
  2 fauns (shapeshifter)
  4 necromancers
  9 manticores
  A shining eye (shapeshifter) (Elf:1)
  26 ugly things
  16 fauns
  27 deep elf pyromancers
  An orc sorcerer (D:15)
  27 wolf spiders
  A wolf spider (shapeshifter) (Vaults:5)
  A cyclops (shapeshifter) (Vaults:5)
  7 cyclopes
  18 moths of wrath
  11 elephants
  A salamander (Zig:7)
  4 kobold blastminers (Orc:2)
  A stone giant skeleton (Depths:1)
  3 centaur zombies (D:15)
  14 water nymphs
  17 vault sentinels
  A black mamba (shapeshifter) (Spider:4)
  2 rust devils
  4 merfolk sirens
  An apocalypse crab (Zig:6)
  An eye of devastation (shapeshifter) (Depths:3)
  A torpor snail (shapeshifter) (Elf:1)
  2 fire giant skeletons (Depths:1)
  7 black mambas
  7 cane toads
  3 naga magi (Zig:7)
  An orange demon (Lair:1)
  2 hellions (Depths:4)
  A torpor snail (Spider:4)
  Jeremiah (D:6)
  An efreet (D:14)
  An ice devil (Depths:2)
  6 komodo dragons
  4 freezing wraiths
  23 yaktaurs
  A queen bee (shapeshifter) (D:15)
  7 trolls
  A meliai (shapeshifter) (Elf:1)
  2 tengu conjurers
  31 merfolk
  A hellwing (Depths:3)
  11 polar bears
  11 wind drakes
  2 meliai (Spider:4)
  27 tarantellas
  6 hornets
  A wolf spider simulacrum (D:15)
  8 blink frogs
  A raiju (Zig:2)
  A raiju (shapeshifter) (D:14)
  14 dream sheep
  Prince Ribbit (D:6)
  12 snapping turtles
  A culicivora (shapeshifter) (Vaults:5)
  43 slime creatures
  A centaur simulacrum (D:14)
  29 jumping spiders
  13 spriggans
  A vampire (D:13)
  A shadow (D:12)
  14 culicivoras
  17 air elementals
  Sigmund (D:5)
  54 yaks
  4 wraiths
  3 wyverns
  5 basilisks
  30 water elementals
  53 redbacks
  3 fire elementals
  2 chaos spawn (Zig:6)
  3 steam dragons
  15 vampire mosquitoes
  An acid dragon (D:13)
  A warg (Orc:1)
  14 water moccasins
  Duvessa (D:6)
  2 swamp worms (Gauntlet)
  4 black bears
  A sky beast (D:6)
  2 ogres (Orc:1)
  A black bear (shapeshifter) (Elf:3)
  39 orc warriors
  4 boggarts (Lair:5)
  15 centaurs
  40 wolves
  2 phantoms (D:6)
  2 kobold brigands
  2 human zombies (Vaults:3)
  10 bullfrogs
  4 earth elementals
  4 scorpions
  A gnoll sergeant (D:7)
  Dowan (D:6)
  28 killer bees
  4 electric eels
  6 howler monkeys
  5 hounds
  5 jellies
  3 gnoll boudas
  15 orc priests
  Crazy Yiuf (D:6)
  Jessica (D:3)
  4 iguanas
  15 orc wizards
  A statue (D:6)
  A boggart simulacrum (D:14)
  20 gnolls
  3 adders
  3 river rats (Sewer)
  A shadow imp (D:7)
  A white imp (D:6)
  2 ufetubi (D:6)
  A worm (D:2)
  A dart slug (D:1)
  69 orcs
  6 bats
  4 endoplasms
  3 giant cockroaches
  3 goblins
  6 hobgoblins
  4 jackals
  2 quokkas (D:2)
  5 ball pythons
  5 frilled lizards
  16 kobolds
  9 rats
  3 butterflies
1745 creatures vanquished.

Vanquished Creatures (collateral kills)
  3 Orb Guardians (Zot:5)
  Agnes (D:15)
  A storm dragon (Zot:5)
  A deep elf sorcerer (Vaults:5)
  3 vault wardens (Vaults:5)
  An ironbound preserver (Vaults:5)
  2 stone giants (Vaults:5)
  An ettin (Vaults:5)
  A flayed ghost (Vaults:5)
  A phantasmal warrior (Vaults:5)
  A deep elf zephyrmancer (Vaults:5)
  An orc sorcerer (Vaults:5)
  A tarantella (Spider:2)
  An orc (Vaults:5)
19 creatures vanquished.

Vanquished Creatures (others)
  An orb of fire (Zot:5)
  A dread lich (Vaults:5)
  An ancient lich (Vaults:5)
  3 Killer Klowns (Zot:5)
  A curse toe (Zot:5)
  An electric golem (Zot:5)
  3 tentacled monstrosities
  8 Orb Guardians (Zot:5)
  2 deep elf blademasters (Elf:3)
  A sphinx (Vaults:5)
  A tengu reaver (Vaults:5)
  2 death cobs (Zot:5)
  A shadow dragon (Zot:5)
  4 storm dragons
  A fire giant (Vaults:1)
  4 vault wardens (Vaults:5)
  A draconian knight (Zot:5)
  A deep elf sorcerer (Vaults:5)
  A draconian scorcher (Zot:5)
  3 ironbound preservers (Vaults:5)
  4 stone giants (Vaults:5)
  A war gargoyle (Vaults:5)
  3 deep elf demonologists (Vaults:5)
  A white draconian (Zot:5)
  A deep elf annihilator (Vaults:5)
  A purple draconian (Zot:5)
  A yellow draconian (Zot:5)
  2 ettins (Vaults:5)
  2 deep elf death magi
  2 yaktaur captains (Vaults:5)
  3 deep elf high priests (Vaults:5)
  A catoblepas (Zot:5)
  17 vault guards (Vaults:5)
  A centaur warrior (D:15)
  A deep troll earth mage (Vaults:5)
  A deep elf knight (Vaults:5)
  A deep troll (Vaults:5)
  A death drake (WizLab)
  A deep troll (shapeshifter) (Vaults:5)
  A flayed ghost (Vaults:5)
  A phantasmal warrior (Vaults:5)
  A deep elf zephyrmancer (Vaults:5)
  An ironbound convoker (Vaults:5)
  2 ugly things
  An orc knight (Vaults:5)
  2 moths of wrath (Zot:5)
  An apocalypse crab (WizLab)
  A vault sentinel (Vaults:5)
  An orange demon (Zot:5)
  A hellion (Zot:5)
  2 yaktaurs (Vaults:5)
  A swamp worm (shapeshifter) (Vaults:5)
  4 tentacles (Shoals:2)
106 creatures vanquished.

Grand Total: 1870 creatures vanquished

Notes
Turn   | Place    | Note
-------+----------+-------------------------------------------
     0 | D:1      | Kearsarge the Armataur Fighter began the quest for the Orb.
     0 | D:1      | Reached XP level 1. HP: 17/17 MP: 1/1
   124 | D:1      | Reached skill level 2 in Unarmed Combat
   182 | D:1      | Reached XP level 2. HP: 18/23 MP: 2/2
   911 | D:2      | Reached XP level 3. HP: 17/29 MP: 3/3
  1314 | D:3      | Reached skill level 3 in Unarmed Combat
  1417 | D:3      | Noticed Jessica
  1429 | D:3      | Killed Jessica
  1430 | D:3      | Reached XP level 4. HP: 20/35 MP: 4/4
  1639 | D:3      | Found a burning altar of Makhleb.
  2222 | D:4      | Found a glowing drain.
  2244 | Sewer    | Entered a sewer
  2257 | Sewer    | Reached skill level 4 in Unarmed Combat
  2257 | Sewer    | Reached XP level 5. HP: 32/42 MP: 5/5
  2564 | Sewer    | Found a glowing silver altar of Zin.
  2626 | D:5      | Entered Level 5 of the Dungeon
  2769 | D:5      | Noticed Sigmund
  2806 | D:5      | Noticed Prince Ribbit
  2810 | D:5      | Found a snail-covered altar of Cheibriados.
  2837 | D:6      | Noticed Jeremiah
  2843 | D:5      | Gained mutation: Your magical capacity is low. (-10% MP)
                  | [potion of mutation]
  2843 | D:5      | Gained mutation: You are agile. (Dex +4, Str/Int -1)
                  | [potion of mutation]
  2843 | D:5      | Gained mutation: You have a pair of small antennae on your
                  | head. [potion of mutation]
  2843 | D:5      | Gained mutation: Your magical capacity is very low. (-20%
                  | MP) [potion of mutation]
  2843 | D:5      | Gained mutation: You are covered in fur. (AC +1) [potion of
                  | mutation]
  2843 | D:5      | Gained mutation: You are robust. (+10% HP) [potion of
                  | mutation]
  2867 | D:4      | Reached skill level 5 in Unarmed Combat
  2867 | D:4      | Reached XP level 6. HP: 39/52 MP: 4/4
  3144 | D:4      | Found a staircase to the Ecumenical Temple.
  3157 | Temple   | Entered the Ecumenical Temple
  3187 | Temple   | Became a worshipper of Gozag Ym Sagoz the Greedy
  3540 | D:4      | Identified the +0 leather armour "Hocur" {rPois}
  3551 | D:4      | Gained mutation: You roll and regenerate health when moving
                  | toward enemies. (Rampage Heal) [Armataur growth]
  3551 | D:4      | Reached XP level 7. HP: 59/60 MP: 5/5
  3880 | D:5      | Killed Sigmund
  3881 | D:5      | Reached skill level 5 in Fighting
  3881 | D:5      | Reached skill level 6 in Unarmed Combat
  4061 | D:5      | Found a bloodstained altar of Trog.
  4068 | D:5      | You fall into a shaft and drop 2 floors!
  4137 | D:7      | Found a sparkling altar of Nemelex Xobeh.
  4137 | D:7      | Found a transporter.
  4137 | D:7      | Noticed a white ugly thing
  4138 | D:7      | Noticed a gargoyle
  4145 | D:7      | Noticed a steam dragon
  4202 | D:7      | Identified the +7 spear of Hyhidd {venom, rPois Int+3
                  | Stlth+}
  4218 | D:7      | Reached skill level 7 in Unarmed Combat
  4227 | D:7      | Reached XP level 8. HP: 41/69 MP: 6/6
  4520 | D:6      | Noticed Pikel
  4531 | D:6      | Killed Pikel
  4532 | D:6      | Reached skill level 8 in Unarmed Combat
  4536 | D:6      | Found a radiant altar of Vehumet.
  4571 | D:6      | Noticed Duvessa
  4577 | D:6      | Noticed Dowan
  4578 | D:6      | Killed Jeremiah
  4584 | D:6      | Killed Duvessa
  4585 | D:6      | Reached skill level 9 in Unarmed Combat
  4585 | D:6      | Reached XP level 9. HP: 60/78 MP: 7/7
  4589 | D:6      | Killed Dowan
  4700 | D:6      | Found a runed translucent door.
  4701 | D:6      | Noticed Crazy Yiuf
  4706 | D:6      | Killed Crazy Yiuf
  4803 | D:6      | Killed Prince Ribbit
  4928 | D:5      | Found a white marble altar of Elyvilon.
  5130 | D:5      | Found an ancient bone altar of Kikubaaqudgha.
  5598 | D:6      | Reached skill level 10 in Unarmed Combat
  5956 | D:7      | Found a hazy altar of Hepliaklqana.
  5957 | D:7      | Found a shimmering altar of Xom.
  5958 | D:7      | Noticed a spectral ugly thing
  6763 | D:8      | Found a hide-covered altar of Uskayaw.
  7529 | D:8      | Found a blossoming altar of Fedhas.
  7529 | D:8      | Found a glowing silver altar of Zin.
  7720 | D:8      | Found a sacrificial altar of Ru.
  7728 | D:8      | Reached XP level 10. HP: 87/88 MP: 8/8
  7737 | D:8      | Reached skill level 11 in Unarmed Combat
  7989 | D:9      | Bought a potion of invisibility for 120 gold pieces
  8181 | D:9      | Found a broken altar of Ashenzari.
  8550 | D:10     | Entered Level 10 of the Dungeon
  8580 | D:9      | Reached skill level 12 in Unarmed Combat
  9233 | D:10     | Reached XP level 11. HP: 53/97 MP: 8/8
  9664 | D:10     | Found a staircase to the Lair.
  9669 | D:10     | Reached skill level 13 in Unarmed Combat
 10776 | D:11     | Found a staircase to the Orcish Mines.
 10878 | D:11     | Reached skill level 10 in Fighting
 10978 | D:11     | Bought a scroll of teleportation for 42 gold pieces
 10978 | D:11     | Bought a scroll of teleportation for 42 gold pieces
 11079 | D:11     | Noticed a boulder beetle
 11111 | D:11     | Killed a boulder beetle
 11519 | D:12     | Noticed a two-headed ogre
 11532 | Orc:1    | Entered Level 1 of the Orcish Mines
 11691 | Orc:2    | Entered Level 2 of the Orcish Mines
 11691 | Orc:2    | Found Vuiqufaur's Magic Scroll Emporium.
 11701 | Orc:2    | Bought a scroll of fear for 64 gold pieces
 11701 | Orc:2    | Bought a scroll of blinking for 120 gold pieces
 11724 | Orc:2    | Bought a scroll of identify for 32 gold pieces
 11872 | Orc:2    | Noticed an orc knight
 11872 | Orc:2    | Noticed an orc knight
 11907 | Orc:2    | Reached skill level 14 in Unarmed Combat
 11913 | Orc:2    | Killed an orc knight
 11918 | Orc:2    | Killed an orc knight
 12206 | Orc:2    | Found Nuelouwe's Antique Armour Shoppe.
 12206 | Orc:2    | Found Uchiusig's Book Shop.
 12211 | Orc:2    | Found Denyll's Armour Emporium.
 12215 | Orc:2    | Found Mepross's Armour Boutique.
 12300 | Orc:2    | Reached XP level 12. HP: 58/110 MP: 9/9
 12338 | Orc:2    | Found a staircase to the Elven Halls.
 12719 | Orc:1    | Found Pat Acew's Book Emporium.
 12792 | Orc:1    | Found a runed translucent gate.
 12943 | Orc:1    | Found a runed translucent gate.
 12943 | Orc:1    | Found an opulent altar of Gozag.
 12956 | Orc:1    | Found a runed translucent gate.
 12959 | Orc:1    | Noticed gwaga3's ghost (journeyman FoHu)
 12981 | Orc:1    | Found Yshadgho's Assorted Antiques.
 12988 | Orc:1    | Found a bloodstained altar of Trog.
 13499 | Orc:2    | Reached skill level 15 in Unarmed Combat
 13825 | Lair:1   | Entered Level 1 of the Lair of Beasts
 13826 | Lair:1   | You fall into a shaft and drop 1 floor!
 14439 | Lair:2   | Found a hole to the Spider Nest.
 14905 | Lair:1   | Noticed Amaemon
 14937 | Lair:1   | Killed Amaemon
 15317 | Lair:1   | Reached skill level 5 in Armour
 15914 | Lair:2   | Reached skill level 5 in Shields
 16238 | Orc:2    | Bought the -2 hat of the Alchemist {rElec rPois rF+ rC+ rN+
                  | Will+ rMut rCorr} for 1604 gold pieces
 16238 | Orc:2    | Found the -2 hat of the Alchemist {rElec rPois rF+ rC+ rN+
                  | Will+ rMut rCorr}
 16245 | Orc:2    | Bought a +2 cloak of willpower for 322 gold pieces
 16861 | Lair:3   | Reached XP level 13. HP: 31/117 MP: 10/10
 17605 | Lair:3   | Found a staircase to the Shoals.
 18950 | Lair:4   | Reached skill level 10 in Armour
 19202 | Lair:4   | Found a shadowy altar of Dithmenos.
 19320 | Lair:5   | Entered Level 5 of the Lair of Beasts
 19584 | Lair:5   | Found a staircase to the Slime Pits.
 19797 | Lair:5   | Identified the ring "Poliajo" {*Corrode rC+ rN+ AC+4 Dex+2}
 20126 | Lair:5   | Reached skill level 10 in Shields
 20905 | Lair:5   | Reached XP level 14. HP: 91/125 MP: 11/11
 21735 | Lair:5   | Bought the +10 chain mail of Inevitability {^Drain rElec
                  | rF- rN+++} for 1230 gold pieces
 21971 | Orc:1    | Killed gwaga3's ghost
 22194 | D:12     | Reached skill level 16 in Unarmed Combat
 22923 | D:13     | Found Ettejongo's Antique Armour Shoppe.
 22992 | D:13     | Bought a faintly glowing chain mail for 294 gold pieces
 22992 | D:13     | Identified the +2 chain mail "Bonoav" {-Tele Str+5 Dex+5}
                  | (You bought it in a shop on level 13 of the Dungeon)
 23215 | D:13     | Found a portal to a secret trove of treasure.
 24991 | D:14     | Reached skill level 17 in Unarmed Combat
 25035 | D:14     | Found a gate to the Vaults.
 25252 | D:15     | Entered Level 15 of the Dungeon
 25396 | D:15     | Found a gate leading to a gauntlet.
 25400 | Gauntlet | Entered a Gauntlet
 25400 | Gauntlet | Found a transporter.
 25400 | Gauntlet | Found a transporter.
 25592 | Gauntlet | Found a transporter.
 25604 | Gauntlet | Found a transporter.
 25621 | Gauntlet | Noticed a quicksilver ooze
 25622 | Gauntlet | Found a transporter.
 25622 | Gauntlet | Found a transporter.
 25622 | Gauntlet | Found a transporter.
 25624 | Gauntlet | Found a transporter.
 25624 | Gauntlet | Found a transporter.
 25639 | Gauntlet | Found a transporter.
 25640 | Gauntlet | Found the +3 crown of Dyrovepreva {rElec Int+2 SInv}
 25654 | Gauntlet | Found a transporter.
 25663 | Gauntlet | Found a runed translucent gate.
 25664 | Gauntlet | Found a transporter.
 25664 | Gauntlet | Found a runed translucent gate.
 25665 | Gauntlet | Found a runed translucent gate.
 25678 | Gauntlet | Found a transporter.
 25711 | Gauntlet | Found a transporter.
 25813 | Gauntlet | Killed a quicksilver ooze
 25824 | Gauntlet | Identified the +4 pair of gloves of Nustao {Harm rC+}
 25891 | Gauntlet | Reached XP level 15. HP: 133/137 MP: 12/12
 25903 | Gauntlet | Identified the +0 pair of gloves of the Screaming Gods
                  | {Int+2}
 25922 | Gauntlet | Identified the +6 great mace "Epsolos" {protect, rPois
                  | rCorr Dex+4}
 25966 | Gauntlet | Got Pes Hium's Compendium of Direction
 25966 | Gauntlet | Got Wyptoum's Codex of Glamour
 26099 | D:15     | Noticed Agnes
 26103 | D:15     | Killed Agnes
 26516 | D:15     | Identified a scroll of acquirement
 26517 | D:15     | Acquired 526 gold pieces
 26606 | D:15     | Found a staircase to the Depths.
 26758 | D:15     | Identified the +3 scale mail of Fynocw Osua {rC+ Str-3
                  | Dex+5 SInv}
 26997 | Elf:1    | Entered Level 1 of the Elven Halls
 27890 | Elf:1    | Found Hogeop's Book Boutique.
 28243 | Elf:1    | Reached skill level 18 in Unarmed Combat
 28592 | Elf:2    | Reached skill level 15 in Fighting
 28695 | Elf:2    | Noticed a deep elf sorcerer
 28710 | Elf:2    | Killed a deep elf sorcerer
 29380 | Elf:1    | Reached XP level 16. HP: 149/149 MP: 12/12
 29466 | Elf:1    | Got the Anthology of the Shapeshifter
 29478 | Elf:1    | Identified the +5 rapier of Ravage {flame, rN+ MP+9 Int+10
                  | Dex-4}
 29677 | Elf:2    | Found a runed translucent gate.
 29677 | Elf:2    | Found a runed translucent gate.
 29679 | Elf:2    | Found a runed translucent gate.
 29755 | Elf:2    | Noticed a Tzitzimitl
 29831 | Elf:2    | Found a shimmering blue altar of Sif Muna.
 29983 | Elf:3    | Entered Level 3 of the Elven Halls
 29983 | Elf:3    | Found Geqimel's Armour Boutique.
 30002 | Elf:3    | Bought a +2 barding of stealth for 600 gold pieces
 30441 | Elf:3    | Found a magical portal.
 30455 | WizLab   | Entered The Chambers of the Cloud Mage
 30462 | WizLab   | Paralysed by an air elemental for 1 turns
 30475 | WizLab   | Paralysed by an air elemental for 1 turns
 30483 | WizLab   | Paralysed by an air elemental for 1 turns
 30760 | WizLab   | Paralysed by an air elemental for 1 turns
 31308 | WizLab   | Paralysed by an air elemental for 1 turns
 31322 | WizLab   | Paralysed by an air elemental for 1 turns
 31326 | WizLab   | Paralysed by an air elemental for 1 turns
 31329 | WizLab   | Paralysed by an air elemental for 1 turns
 31430 | WizLab   | Paralysed by an air elemental for 1 turns
 31479 | WizLab   | Identified the staff of Nakluk Riamy {rElec Str+2 Air}
 31479 | WizLab   | Noticed Haux
 31497 | WizLab   | Killed Haux the Cloud Mage
 31542 | WizLab   | Got the Handbook of the Tempest
 31894 | Elf:3    | Reached skill level 15 in Shields
 31907 | Elf:3    | Noticed a deep elf blademaster
 31914 | Elf:3    | Killed a deep elf blademaster
 31959 | Elf:3    | Identified the +7 chain mail of Zouwisaz {Harm ^Drain rCorr
                  | Slay-4}
 31960 | Elf:3    | Identified the amulet "Mixa Ash" {Acrobat +Inv rC+ rN+
                  | Dex+4}
 31962 | Elf:3    | Noticed a deep elf master archer
 31962 | Elf:3    | Identified the +4 broad axe of Change {heavy, rElec Will+}
 31965 | Elf:3    | Killed a deep elf master archer
 31966 | Elf:3    | Reached XP level 17. HP: 127/158 MP: 13/13
 31969 | Elf:3    | Killed a ghostly deep elf master archer
 32077 | Elf:3    | Identified the staff "Ogrebane" {rF+ Hexes Fire}
 32160 | Elf:3    | Noticed a deep elf blademaster
 32162 | Elf:3    | Noticed a deep elf master archer
 32172 | Elf:3    | Killed a deep elf blademaster
 32173 | Elf:3    | Killed a ghostly deep elf blademaster
 32174 | Elf:3    | Reached skill level 15 in Armour
 32177 | Elf:3    | Found the +0 mask of the Dragon {Will+ Slay+3 SInv}
 32183 | Elf:3    | Killed a deep elf master archer
 32326 | Elf:3    | Identified the +5 whip "Zosu" {antimagic, *Corrode rElec
                  | rN+ Will+}
 32363 | Elf:3    | Identified the +6 morningstar of Wyceurro {heavy, Str+2
                  | Int+2}
 32367 | Elf:3    | Identified the +4 battleaxe of Zoverior {freeze, Will+}
 32370 | Elf:3    | Got Sif Muna's Compilation of Undead Distance
 32371 | Elf:3    | Identified the staff of Defiance {rC+ rN+ SInv Conj Ice}
 32623 | Spider:1 | Entered Level 1 of the Spider Nest
 32654 | Spider:1 | Bought a potion of haste for 180 gold pieces
 32654 | Spider:1 | Bought a potion of heal wounds for 90 gold pieces
 32656 | Spider:1 | Bought a scroll of fog for 48 gold pieces
 32656 | Spider:1 | Bought a scroll of butterflies for 48 gold pieces
 33970 | Spider:2 | Noticed Qimap's ghost (journeyman VSWn)
 33972 | Spider:2 | Found a runed translucent gate.
 33978 | Spider:2 | Found a runed translucent gate.
 33980 | Spider:2 | Found a runed translucent gate.
 35511 | Spider:2 | Reached skill level 19 in Unarmed Combat
 35542 | Spider:2 | Killed Qimap's ghost
 35571 | Spider:2 | Identified the +0 cloak "Enerurucs" {Int+3}
 36734 | Spider:4 | Entered Level 4 of the Spider Nest
 36929 | Spider:4 | Reached XP level 18. HP: 154/168 MP: 14/14
 37668 | Spider:4 | Noticed Arachne
 37879 | Spider:4 | Killed Arachne
 38256 | Spider:4 | Got a gossamer rune of Zot
 38455 | Spider:4 | Reached skill level 20 in Unarmed Combat
 38880 | Shoals:1 | Entered Level 1 of the Shoals
 38967 | Shoals:1 | Identified the +1 ring mail of Insecurity {rC++ Will+
                  | Stlth+}
 40123 | Shoals:2 | Noticed Donald
 40150 | Shoals:2 | Killed Donald
 40475 | Shoals:3 | Found a transporter.
 40505 | Shoals:3 | Found a transporter.
 40638 | Shoals:3 | Identified the scarf of the Lost Path {harm, -Tele Int+3
                  | Dex+6 SInv}
 40684 | Shoals:3 | Identified the amulet of Jeimn {Spirit rF- Dex+5}
 41077 | Shoals:4 | Entered Level 4 of the Shoals
 41216 | Shoals:4 | Reached XP level 19. HP: 141/180 MP: 15/15
 41473 | Shoals:4 | Reached skill level 21 in Unarmed Combat
 41695 | Shoals:4 | Found a shimmering altar of Xom.
 41769 | Shoals:4 | Paralysed by an air elemental for 1 turns
 41834 | Shoals:4 | Paralysed by an air elemental for 1 turns
 41836 | Shoals:4 | Paralysed by an air elemental for 1 turns
 41841 | Shoals:4 | Paralysed by an air elemental for 1 turns
 41845 | Shoals:4 | Paralysed by an air elemental for 1 turns
 41851 | Shoals:4 | Paralysed by an air elemental for 1 turns
 41855 | Shoals:4 | Paralysed by an air elemental for 1 turns
 42216 | Shoals:4 | Got a barnacled rune of Zot
 42292 | Shoals:4 | Paralysed by an air elemental for 1 turns
 42294 | Shoals:4 | Paralysed by an air elemental for 1 turns
 42297 | Shoals:4 | Paralysed by an air elemental for 1 turns
 42302 | Shoals:4 | Paralysed by an air elemental for 1 turns
 42413 | Shoals:4 | Found a stormy altar of Qazlal.
 42720 | Vaults:1 | Entered Level 1 of the Vaults
 42739 | Vaults:1 | Identified the +0 chain mail of Gallantry {rElec rC+}
 42930 | Vaults:1 | Bought a spiked chain mail for 294 gold pieces
 42930 | Vaults:1 | Identified the +0 chain mail of the End {rElec Str+3 Int-5}
                  | (You bought it in a shop on level 1 of the Vaults)
 43669 | Vaults:1 | Found Veann's Book Shop.
 44188 | Vaults:2 | Found Uxkul's Jewellery Shop.
 44193 | Vaults:2 | Found Lamy's General Store.
 44261 | Vaults:2 | Found Waguitun's Jewellery Boutique.
 44326 | Vaults:2 | Found a flickering gateway to a bazaar.
 44343 | Bazaar   | Entered a bazaar
 44346 | Bazaar   | Found Vufy's Book Shop.
 44370 | Bazaar   | Found Paufued's General Store.
 44370 | Bazaar   | Found Hyphaeh's Antique Armour Shoppe.
 44375 | Bazaar   | Bought a scroll of blinking for 67 gold pieces
 44377 | Bazaar   | Found Tedax's Antique Weapon Emporium.
 44803 | Vaults:2 | Reached skill level 22 in Unarmed Combat
 44960 | Vaults:2 | Reached XP level 20. HP: 185/193 MP: 16/16
 45299 | Vaults:2 | Noticed a golden dragon
 45310 | Vaults:2 | Killed a golden dragon
 45560 | Vaults:2 | Found Ylisch's Book Shoppe.
 46050 | Vaults:3 | Identified the +3 flail "Gong" {freeze, rN+ Str+3 Stlth-}
 46335 | Vaults:3 | Found Karorgh's Armour Shoppe.
 46696 | Vaults:3 | Found a transporter.
 46696 | Vaults:3 | Noticed gwaga3's ghost (veteran FoHu)
 46746 | Vaults:3 | Found a transporter.
 46892 | Vaults:3 | Found a staircase to the Crypt.
 47316 | Vaults:4 | Noticed Sojobo
 47332 | Vaults:4 | Killed Sojobo
 47340 | Vaults:4 | Reached skill level 23 in Unarmed Combat
 48061 | Vaults:4 | Reached XP level 21. HP: 204/204 MP: 16/16
 48648 | Vaults:5 | Entered Level 5 of the Vaults
 48913 | Vaults:5 | Noticed a golden dragon
 48919 | Vaults:5 | Killed a golden dragon
 48929 | Vaults:5 | Noticed a golden dragon
 48940 | Vaults:5 | Killed a golden dragon
 48966 | Vaults:5 | Noticed an ancient lich
 48998 | Vaults:5 | Killed an ancient lich
 49065 | Vaults:5 | Noticed an ancient lich
 49121 | Vaults:5 | Identified the +3 hand axe "Plog" {speed, rElec}
 49145 | Vaults:5 | Identified the +1 hand axe of the Ship {flame, Dex+4}
 49281 | Vaults:5 | Reached skill level 24 in Unarmed Combat
 49429 | Vaults:5 | Got a silver rune of Zot
 49564 | Vaults:5 | Identified the staff of Tumult {Fly rElec rF- Stlth+ Air
                  | Poison}
 49855 | Vaults:5 | Killed a dread lich
 50028 | Vaults:5 | Identified the staff of Hauleopp {Dex+2 Conj}
 50052 | Vaults:5 | Killed an ancient lich
 50071 | Vaults:5 | Identified the +4 sling "Transmigrator" {freeze, SInv
                  | Stlth+}
 50363 | Depths:1 | Entered Level 1 of the Depths
 50412 | Depths:1 | Found a gateway to Hell.
 50454 | Depths:1 | Found Faracun's Elemental Accessories.
 50483 | Depths:1 | Noticed Nikola
 50490 | Depths:1 | Killed Nikola
 50952 | Depths:2 | Found a one-way gate leading to the halls of Pandemonium.
 51387 | Depths:3 | Reached XP level 22. HP: 217/217 MP: 17/17
 51470 | Depths:3 | Found a one-way gateway to a ziggurat.
 51494 | Zig:1    | Entered Level 1 of a ziggurat
 51509 | Zig:2    | Entered Level 2 of a ziggurat
 51543 | Zig:3    | Entered Level 3 of a ziggurat
 51569 | Zig:3    | Identified the +0 helmet "Veish" {Fly rC+ rN+ Int-3}
 51572 | Zig:4    | Entered Level 4 of a ziggurat
 51696 | Zig:5    | Entered Level 5 of a ziggurat
 51812 | Zig:6    | Entered Level 6 of a ziggurat
 51815 | Zig:6    | Noticed a Killer Klown
 51824 | Zig:6    | Killed a Killer Klown
 51919 | Zig:6    | Identified the +0 leather armour "Moular" {rC+++ Str+3
                  | Int-5}
 51920 | Zig:6    | Identified the amulet of Zurgh {Spirit Dex+4}
 51975 | Zig:7    | Entered Level 7 of a ziggurat
 52163 | Zig:7    | Found the amulet of Vitality {RegenMP++ Regen++}
 52240 | Depths:3 | Found Capsuuci's Jewellery Shoppe.
 52244 | Depths:3 | Found Zerikat's Book Boutique.
 52261 | Depths:3 | Found Qipitrem's Book Boutique.
 52373 | Depths:4 | Entered Level 4 of the Depths
 52488 | Depths:4 | Found a gate to the Realm of Zot.
 52488 | Depths:4 | Noticed a golden dragon
 52495 | Depths:4 | Killed a golden dragon
 52514 | Zot:1    | Entered Level 1 of the Realm of Zot
 52549 | Depths:4 | Reached skill level 25 in Unarmed Combat
 52595 | Zot:1    | Noticed an orb of fire
 52599 | Zot:1    | Gained mutation: Your body sometimes deteriorates upon
                  | taking damage. [an orb of fire]
 52659 | Zot:1    | Gained mutation: You occasionally shout uncontrollably at
                  | your foes. [an orb of fire]
 52667 | Zot:1    | Killed an orb of fire
 52744 | Zot:1    | Found the +4 dragonskin cloak
 52744 | Zot:1    | Noticed Tiamat
 52772 | Zot:1    | Killed Tiamat
 52997 | Zot:2    | Noticed a curse toe
 53036 | Zot:2    | Killed a curse toe
 53614 | Zot:4    | Noticed a golden dragon
 53621 | Zot:4    | Killed a golden dragon
 53622 | Zot:4    | Reached XP level 23. HP: 191/229 MP: 18/18
 53699 | Zot:5    | Entered Level 5 of the Realm of Zot
 54153 | Zot:5    | Noticed a dread lich
 54163 | Zot:5    | Paralysed by a dread lich for 2 turns
 54164 | Zot:5    | Noticed a Killer Klown
 54165 | Zot:5    | Noticed a Killer Klown
 54167 | Zot:5    | Killed a dread lich
 54175 | Zot:5    | a Killer Klown changed into a juggernaut
 54175 | Zot:5    | Noticed a juggernaut
 54178 | Zot:5    | Killed a Killer Klown
 54179 | Zot:5    | Noticed a Killer Klown
 54180 | Zot:5    | Noticed an orb of fire
 54183 | Zot:5    | Killed a juggernaut
 54184 | Zot:5    | Noticed a curse toe
 54193 | Zot:5    | Noticed a Killer Klown
 54195 | Zot:5    | Killed a Killer Klown
 54219 | Zot:5    | Killed a Killer Klown
 54331 | Zot:5    | Reached skill level 26 in Unarmed Combat
 54354 | Zot:5    | Noticed a Killer Klown
 54354 | Zot:5    | Noticed an orb of fire
 54360 | Zot:5    | Noticed a Killer Klown
 54361 | Zot:5    | Got the Orb of Zot
 54361 | Zot:5    | Noticed a Killer Klown
 54373 | Zot:5    | Killed a Killer Klown
 54383 | Zot:5    | Noticed an ancient lich
 54387 | Zot:5    | Noticed an orb of fire
 54387 | Zot:5    | Noticed a dread lich
 54402 | Zot:5    | Killed an ancient lich
 54414 | Zot:5    | Killed an orb of fire
 54694 | Depths:2 | Noticed Qieptud the pandemonium lord
 54704 | Depths:2 | Killed Qieptud the pandemonium lord
 55058 | D:2      | Noticed Yczoj the pandemonium lord
 55085 | D:$      | Escaped with the Orb!

Illustrated notes

Levels and vault maps discovered:
D:1:      heliophobic_arrival_ceremonial_halls, layout_loops_ring,
          nrook_campfire, minmay_pentomino_r2
D:2:      layout_basic
D:3:      layout_loops_cross, mainiacjoe_overflow_catwalk, uniq_jessica
D:4:      layout_basic, minmay_temple_entry_slanted,
          cheibrodos_sewer_entry_drain, grunt_decor_cap
D:5:      layout_cave_pools, elyvilon_altar_1,
          mainiacjoe_overflow_catch_the_wave, mainiacjoe_overflow_chevrons,
          uniq_prince_ribbit1, uniq_sigmund
D:6:      layout_basic, vehumet_statue, uniq_duvessa, uniq_crazy_yiuf_cottage,
          uniq_jeremiah, uniq_pikel
D:7:      nicolae_cairo_tiling, layout_basic, regret_index_temple_of_mockery,
          grunt_nemelex_the_gamble, st_stairs_5, serial_bayou_lake_a
D:8:      layout_basic, mainiacjoe_overflow_small_starburst, lemuel_tele_altar,
          gammafunk_temple_overflow_elements, kennysheep_opposing_triangles
D:9:      layout_rooms, evilmike_ruin_ashenzari, nicolae_elevator_lobby_plus
D:10:     layout_cave_pods, minmay_lair_entry_grove, minmay_variable_closet
D:11:     layout_loops_ring, orc_0_dummy, chequers_serial_rivers_large_a,
          minmay_stone_trees_medium
D:12:     layout_gridville, serial_glass, glass_columns_c, glass_columns_b,
          nicolae_lava_and_water
D:13:     layout_basic, nicolae_trove_entry_diagonal, serial_shops, shop
D:14:     layout_irregular_city, lightli_vaults_fourway_checkpoint,
          abandoned_shop, drop_trap
D:15:     grunt_enter_depths_magical_seal, layout_basic, gauntlet_entry_generic,
          serial_bayou_pond_b, uniq_agnes
Temple:   pf_temple_reverse_labyrinth
Lair:1:   layout_misc_corridors, lemuel_fruit_fields, lemuel_fruit_fields,
          uniq_amaemon
Lair:2:   layout_gridlike, spider_nest_entry_funnel_web
Lair:3:   layout_regular_city, elwin_shoals_entry_stream,
          cheibrodos_lair_lostbears, lemuel_fruit_fields, lemuel_fruit_tree
Lair:4:   layout_gridlike, lemuel_altar_in_water2,
          cheibrodos_lair_caveside_slide, grunt_megastairs_5
Lair:5:   minmay_lair_end_enchanted_forest, layout_gridlike,
          minmay_slime_entry_pillars, nzn_sisyphean_effort
Shoals:1: layout_shoals, nicolae_shoals_sun_and_surf
Shoals:2: layout_shoals, uniq_donald
Shoals:3: gammafunk_sealed_arena, layout_shoals,
          nicolae_shoals_stone_sculpture_thing
Shoals:4: shoals_end_hellmonk_storm_palace [storm_palace_center_circular,
          storm_palace_corner_grid, storm_palace_corner_blocked,
          storm_palace_corner_altar, storm_palace_corner_altar]
Spider:1: layout_spider_delve, spiders_nest_spider_trap
Spider:2: layout_spider_delve, gammafunk_ghost_split
Spider:3: layout_spider_delve
Spider:4: johnstein_spider_rune_arachne_lair, hellmonk_deceptive_appearances
Orc:1:    layout_caves, basic_altar, serial_shops, shop, ebering_ghost_gozag
Orc:2:    st_orc_rangers, layout_caves, serial_shops, shop_coins
Elf:1:    elf_arrival_002, layout_gridlike, serial_shops, nicolae_square_shop,
          nicolae_elf_shapeshifter_party, drop_trap, minivault_16,
          minmay_misc_feat_five, nrook_mini_backslash
Elf:2:    elven_hall_of_blades_hangedman_original [grunt_blade_entry_basic],
          layout_gridlike, nicolae_wwwww, ebering_dispersal_statue_hall,
          serial_library_hellmonk_narrow_alcove, minivault_14, david_greed
Elf:3:    elf_hall_gauntlet_narrow, layout_loops_corners,
          infiniplex_enter_wizlab_glasses, serial_shops,
          nicolae_shop_tiny_waterfront
Vaults:1: nicolae_vaults_tetromino_Z_1, vaults_mumra_lcd,
          nicolae_vaults_offset_grid_hallway_4, nicolae_vaults_an_arrangement,
          vaults_room_grid, nicolae_vaults_wine_cellar, vaults_dpeg_doors,
          nicolae_vaults_border_crossing, nicolae_vaults_offset_grid_hallway_4,
          hangedman_vaults_maws, nicolae_vaults_layer_cake_slice,
          nicolae_vaults_little_squares_3, layout_vaults_chaotic_city,
          serial_shops, nicolae_shop_crystal
Vaults:2: nicolae_vaults_shipping_containers_6, nicolae_vaults_triangles,
          nicolae_vaults_closet_pinwheel_6, dpeg_vaults_monster_row,
          nicolae_vaults_apartment_2, hangedman_vaults_capsules,
          nicolae_vaults_tetromino_L_1, vaults_room_stairs_pillars,
          layout_vaults_quadrants, serial_shops, bzr_entry_customers,
          nicolae_square_shop, shop, shop, shop
Vaults:3: gammafunk_ghost_mausoleum, v_misc_23, hangedman_vaults_nails,
          v_alt_pattern_6, hangedman_vaults_restitches, hangedman_vaults_slice,
          hangedman_vaults_stream, blue_anna_dwarven_crypt, vaults_room_boxed,
          nicolae_vaults_offset_grid_hallway_3, layout_vaults_omnibox,
          serial_shops, shop
Vaults:4: hangedman_vaults_trim, hangedman_vaults_cutoff,
          nicolae_vaults_diamond_1, nicolae_vaults_apartment_1,
          nicolae_vaults_c_with_doors, grunt_vaults_swirl, vaults_dpeg_spiral,
          nicolae_vaults_heart-shaped_vault, nicolae_vaults_tetromino_Z_2,
          v_misc_29, nicolae_vaults_sealed_display, ontoclasm_vaults_twist,
          layout_vaults_ring, uniq_sojobo
Vaults:5
Depths:1: layout_roguey, chequers_serial_rivers_micro_b, hangedman_coc_ice_floe,
          serial_corexii_hall, corexii_hall_statues_t, corexii_hall_statues_s,
          nicolae_water_bricks, minmay_misc_feat_cross, nicolae_elemental_shop,
          nicolae_island_escapes, uniq_nikola, uniq_enchantress
Depths:2: hangedman_slaughterboxes, hell_entry, pan_entry
Depths:3: minmay_the_grid_triangle_9x9_recursive_2
          [minmay_the_grid_triangle_9x9_prize_special,
          minmay_the_grid_triangle_9x9_subtriangle,
          minmay_the_grid_triangle_9x9_semitri,
          minmay_the_grid_triangle_9x9_impossible_snake], layout_gridlike,
          enter_ziggurat_b, abyss_entry, hell_entry, minmay_shop_grove,
          minmay_staircase_statues
Depths:4: grunt_crosshair, layout_gridville, rand_demon_pan_entry_3,
          hangedman_decor_clover_reticule, hell_entry
Zot:1:    layout_concentric_octagons, nicolae_transmutations_shop, uniq_tiamat
Zot:2:    layout_gridlike
Zot:3:    layout_gridville
Zot:4:    gammafunk_sealed_library, layout_onion_interference,
          regret_index_zotdec_ex
Zot:5:    layout_gridlike

Skill      XL: |  1  2  3  4  5  6  7  8  9 10 11 12 13 14 15 16 17 18 19 20 21 22 23 |
---------------+----------------------------------------------------------------------+-----
Unarmed Combat | 2 3 4 5 7 9 10 12 14 15 17 18 19 20 22 23 24 25 26 | 26.2
Fighting       | 3 4 5 6 8 9 11 13 15 16 18 19 21 22 23 24 | 24.5
Armour         | 6 11 14 16 | 16.2
Shields        | 6 10 15 17 | 17.9

Action                     |  1- 3 |  4- 6 |  7- 9 | 10-12 | 13-15 | 16-18 | 19-21 | 22-24 || total
---------------------------+-------+-------+-------+-------+-------+-------+-------+-------++-------
  Melee: Unarmed           |   122 |   197 |   306 |   810 |  1343 |  1543 |  1741 |   680 ||  6742
         Tailslap          |    13 |    24 |    46 |   132 |   229 |   285 |   389 |   138 ||  1256
  Throw: Dart              |       |       |       |    17 |       |       |       |       ||    17
 Invoke: Call Merchant     |       |       |       |     2 |     1 |     3 |     2 |       ||     8
         Bribe Branch      |       |       |       |       |       |       |     1 |     1 ||     2
         Potion Petition   |       |       |       |       |       |       |       |     2 ||     2
  Evoke: Wand              |       |       |     6 |     4 |    22 |     2 |       |     4 ||    38
         Phial of floods   |       |       |       |     1 |     2 |       |       |       ||     3
         Lightning rod     |       |       |       |       |     1 |     5 |       |       ||     6
         Phantom mirror    |       |       |       |       |     1 |     1 |     1 |       ||     3
         Tin of tremorston |       |       |       |       |       |     2 |       |     2 ||     4
    Use: Scroll            |     3 |     5 |     4 |    12 |    25 |    13 |     2 |    17 ||    81
         Potion            |       |     7 |     2 |     3 |    11 |    14 |     1 |    13 ||    51
   Stab: Invisible         |       |       |     7 |    10 |     6 |    10 |       |       ||    33
         Distracted        |       |       |     1 |     8 |     8 |     9 |    18 |     4 ||    48
         Sleeping          |       |       |       |       |     1 |       |       |       ||     1
 Armour: Scale mail        |    66 |   143 |     9 |       |       |       |       |       ||   218
         Leather armour    |       |       |   177 |   645 |   372 |       |       |       ||  1194
         Skin              |       |       |       |       |    88 |       |       |       ||    88
         Chain mail        |       |       |       |       |   757 |  1630 |  1276 |   612 ||  4275
  Dodge: Dodged            |    35 |    67 |   102 |   298 |   369 |   268 |   200 |    82 ||  1421
  Block: Buckler           |    17 |    48 |    52 |   151 |   329 |   100 |    65 |   200 ||   962
         Kite shield       |       |       |       |       |       |   830 |   833 |       ||  1663
         Reflection        |       |       |       |       |       |       |       |     8 ||     8

Table legend: (Time is in decaauts)
 A = Elapsed time spent in this place.
 B = Non-inter-level travel time spent in this place.
 C = Inter-level travel time spent in this place.
 D = Time resting spent in this place.
 E = Time spent auto-exploring this place.
 F = Levels seen in this place.
 G = Mean time per level.
                   A        B        C        D        E       F      G
               +--------+--------+--------+--------+--------+-----+--------+
         Total |  52958 |  47947 |   5011 |   4460 |  33150 |  59 |  897.6 |
       Dungeon |  15731 |  14147 |   1584 |    834 |  10763 |  15 | 1048.7 |
        Temple |     60 |      2 |     58 |      0 |      0 |   1 |   60.0 |
          Lair |   7711 |   7082 |    629 |    538 |   5392 |   5 | 1542.2 |
        Shoals |   3416 |   3304 |    112 |    118 |   2179 |   4 |  854.0 |
   Spider Nest |   5926 |   5668 |    258 |    545 |   3997 |   4 | 1481.5 |
  Orcish Mines |   3716 |   3011 |    705 |   1143 |   1413 |   2 | 1858.0 |
   Elven Halls |   3212 |   2535 |    677 |    157 |   1685 |   3 | 1070.7 |
        Vaults |   7017 |   6643 |    374 |    258 |   4970 |   5 | 1403.4 |
        Depths |   1577 |   1338 |    239 |    171 |    674 |   4 |  394.2 |
           Zot |   1770 |   1399 |    371 |    141 |    678 |   5 |  354.0 |
      Ziggurat |    662 |    662 |      0 |      4 |    482 |   7 |   94.6 |
        Bazaar |     83 |     83 |      0 |      0 |     66 |   1 |   83.0 |
         Sewer |    355 |    355 |      0 |    137 |    141 |   1 |  355.0 |
        Wizlab |   1144 |   1144 |      0 |    354 |    364 |   1 | 1144.0 |
      Gauntlet |    571 |    571 |      0 |     56 |    343 |   1 |  571.0 |
               +--------+--------+--------+--------+--------+-----+--------+

Top non-repeatable levels by time:
   Orc:2: 2574 daAuts
  Lair:5: 2152 daAuts
  Lair:3: 2103 daAuts
Spider:4: 1940 daAuts
    D:10: 1870 daAuts
Spider:2: 1756 daAuts
Vaults:2: 1475 daAuts
Vaults:1: 1435 daAuts
Vaults:5: 1424 daAuts
Vaults:4: 1414 daAuts
    D:14: 1353 daAuts
  Lair:2: 1324 daAuts
Spider:1: 1308 daAuts
     D:8: 1297 daAuts
Vaults:3: 1266 daAuts
